 Dungeon Crawl Stone Soup version 0.28-a0-312-gbced6e68ee (webtiles) character file.

Game seed: 9931188592176978151

319 ZARRMARR the Thaumaturge (level 6, -1/32 HPs)
             Began as a Deep Elf Air Elementalist on Aug 31, 2021.
             Was an Initiate of Ru.
             Splashed by a jelly's acid (8 damage)
             ... on level 4 of the Dungeon.
             The game lasted 00:12:53 (4192 turns).

ZARRMARR the Thaumaturge (DEAE)                     Turns: 4192, Time: 00:12:56

Health: -1/32      AC: -6    Str:  5    XL:     6   Next: 21%
Magic:  18/19      EV: 13    Int: 22    God:    Ru [......]
Gold:   277        SH:  0    Dex: 15    Spells: 18/21 levels left

rFire   . . .      SeeInvis .   g - +2 short sword (elec)
rCold   . . .      Faith    .   (no shield)
rNeg    . . .      Spirit   .   a - +0 robe
rPois   .          Reflect  .   (no helmet)
rElec   .          Harm     .   (no cloak)
rCorr   .          Rampage  .   (no gloves)
Will    .....                   (no boots)
Stlth   ++........              (no amulet)
HPRegen 0.10/turn               h - ring of wizardry
MPRegen 0.16/turn               (no ring)

@: corroded
A: no striking features
a: Renounce Religion


You were on level 4 of the Dungeon.
You worshipped Ru.
Ru was noncommittal.
You visited 1 branch of the dungeon, and saw 4 of its levels.

You collected 277 gold pieces.

Inventory:

Hand Weapons
 g - a +2 short sword of electrocution (weapon)
Missiles
 n - a throwing net
Armour
 a - a +0 robe (worn)
Jewellery
 h - a ring of wizardry (left hand)
Wands
 b - a wand of mindburst (19)
Scrolls
 d - a scroll of amnesia
 e - a scroll of teleportation
 i - a scroll of holy word
 l - a scroll of enchant weapon {unknown}
Potions
 c - a potion of brilliance {unknown}
 f - 2 potions of degeneration {unknown}
 j - 2 potions of resistance {unknown}
 k - a potion of curing {unknown}
 m - a potion of heal wounds {unknown}


   Skills:
 + Level 3.9 Dodging
 - Level 2.4 Stealth
 + Level 8.2 Spellcasting
 - Level 1.1 Conjurations
 - Level 3.0 Air Magic


You had 18 spell levels left.
You knew the following spells:

 Your Spells              Type           Power      Damage    Failure   Level
a - Shock                 Conj/Air       72%        1d7       1%          1
b - Static Discharge      Conj/Air       18%        N/A       1%          2

Your spell library contained the following spells:

 Spells                   Type           Power      Damage    Failure   Level
 Swiftness                Air            22%        N/A       2%          3
 Airstrike                Air            11%        N/A       9%          4


Dungeon Overview and Level Annotations

Branches:
Dungeon (4/15)
 Temple: D:4-7

Altars:
Elyvilon
Ru
Zin

Shops:
D:3 ?[(?!

Annotations:
D:2 Sigmund
D:3 Robin


Message History

There is an open door here.
You see here a +0 flail.
Items here: ( )) รท.
You open the door.
There is an open door here.
A jelly and a goblin come into view.
Found a dagger and a scroll labelled YZICOCZ APTA.
Aiming: Shock (safe; 1% risk of failure)
Press: ? - help, Q - select action, (/) - cycle Shift-Dir - straight line The zap hits the jelly.
The jelly is lightly wounded.
The zap hits the jelly.
The jelly is moderately wounded.
Aiming: Shock (safe; 1% risk of failure)
Press: ? - help, Q - select action, (/) - cycle Shift-Dir - straight line
Okay, then.
Unknown command.
You hit the jelly. The acid corrodes you!
Your hands burn!
The jelly is heavily wounded.
The jelly hits you.
You are splashed with acid.
You hit the jelly.
Your hands burn!
The jelly is severely wounded.
The jelly hits you. The acid corrodes you!
You are splashed with acid.
You hit the jelly but do no damage.
Your hands burn!
* * * LOW HITPOINT WARNING * * *
The jelly is severely wounded.
The jelly barely misses you.
There is an open door here.
Aiming: Shock (safe; 1% risk of failure)
Press: ? - help, Q - select action, (/) - cycle Shift-Dir - straight line The zap hits the jelly.
The jelly is almost dead.
The zap hits the goblin.
The goblin is almost dead.
The zap hits the goblin.
You kill the goblin!
The jelly hits you.
* * * LOW HITPOINT WARNING * * *
You are splashed with acid!
You die...

##...##......####)..# #.......##
#...####......##...##.####.###.##
#[..# ##.(....#...#?. ###.# #.##
...## ##........##.# #...# #.##
...# ##.......#).####### #.##
..## ##.....##... ##... ..#
##....#..## #.... .## ##..##...#
#.#.. .+ ##.@J)# #.##. ##
########## #.##. .# #.# #..#
#<##. .# #.# #..# #.##) .# #.#
#..# #.##. .# #.# #..# #.##. .#
####.#####..# #.#). ##
##...........########.#)#
#.......>##.).........#.#


You could see a jelly.

Vanquished Creatures
  A gnoll shaman (D:4)
  Natasha (twice) (D:2)
  2 iguanas (D:4)
  A hound skeleton (D:4)
  4 gnolls (D:4)
  3 adders
  An ufetubus (D:4)
  4 worms
  A dart slug (D:4)
  3 orcs
  5 ball pythons
  8 endoplasms
  A giant cockroach (D:3)
  19 goblins
  11 hobgoblins
  4 jackals (D:4)
  6 kobolds
  A quokka (D:3)
  5 bats
  2 frilled lizards
  3 rats
87 creatures vanquished.

Vanquished Creatures (others)
  A fungus (D:1)
1 creature vanquished.

Grand Total: 88 creatures vanquished

Notes
Turn   | Place    | Note
-------+----------+-------------------------------------------
     0 | D:1      | ZARRMARR the Deep Elf Air Elementalist began the quest for
                  | the Orb.
     0 | D:1      | Reached XP level 1. HP: 10/10 MP: 6/6
   259 | D:1      | Reached XP level 2. HP: 15/15 MP: 6/8
   277 | D:1      | Found a faded altar of an unknown god.
   512 | D:1      | Reached skill level 4 in Spellcasting
   873 | D:2      | Found a sacrificial altar of Ru.
   882 | D:2      | Became a worshipper of Ru the Awakened
  1036 | D:2      | Noticed Natasha
  1042 | D:2      | Killed Natasha
  1043 | D:2      | Reached XP level 3. HP: 10/19 MP: 3/11
  1056 | D:2      | Reached skill level 5 in Spellcasting
  1412 | D:2      | Noticed Sigmund
  1618 | D:3      | Reached XP level 4. HP: 24/24 MP: 11/13
  1801 | D:3      | Found a glowing silver altar of Zin.
  1801 | D:3      | Noticed an angel
  1960 | D:3      | Noticed Robin
  2312 | D:3      | Found Sacvaoz's Magic Scroll Shoppe.
  2325 | D:3      | Found Eqoihy's Antique Weapon Boutique.
  2377 | D:3      | Found Qeras's Distillery.
  2425 | D:3      | Found Ruturead's Armour Boutique.
  2501 | D:3      | Found Elokh's Magic Scroll Boutique.
  2626 | D:3      | Found a white marble altar of Elyvilon.
  2738 | D:2      | Noticed Natasha
  2745 | D:2      | Killed Natasha
  2746 | D:2      | Reached skill level 6 in Spellcasting
  2911 | D:4      | Reached XP level 5. HP: 27/28 MP: 4/16
  3254 | D:4      | Reached skill level 7 in Spellcasting
  3562 | D:4      | Reached XP level 6. HP: 32/32 MP: 5/18
  3641 | D:4      | Learned a level 2 spell: Static Discharge
  3778 | D:4      | Reached skill level 8 in Spellcasting
  4192 | D:4      | Splashed by a jelly's acid

Illustrated notes

Levels and vault maps discovered:
D:1:      dpeg_arrival_windows_large_door, layout_rooms,
          shapermc_ecumenical_altar_gd, chequers_serial_rivers_small_3
D:2:      layout_basic, basic_altar, serial_park_tiny_1, st_stairs_13,
          uniq_natasha, uniq_sigmund
D:3:      layout_loops_corners, nicolae_elyvilon_temple_path, zin_angel,
          serial_shops, nicolae_shop_behind_doors, shop_coins,
          nicolae_shop_trees, shop, shop, uniq_robin
D:4:      minmay_razor_zed, layout_loops_ring, serial_bayou_pond_b,
          st_stairs_10, uniq_duvessa

Skill      XL: |  1  2  3  4  5  6 |
---------------+-------------------+-----
Spellcasting   | 4 5 6 7 8 |  8.2
Dodging        | 3 |  3.9
Stealth        | |  2.4
Conjurations   | |  1.1
Air Magic      | |  3.0

Action                   |  1- 3 |  4- 6 || total
-------------------------+-------+-------++-------
Melee: Short sword       |     1 |    16 ||    17
 Cast: Shock             |    74 |   139 ||   213
Invok: Reject Sacrifices |       |     1 ||     1
  Use: Scroll            |     3 |     2 ||     5
Armor: Robe              |     1 |     1 ||     2
Dodge: Dodged            |     6 |    15 ||    21

Table legend: (Time is in decaauts)
 A = Elapsed time spent in this place.
 B = Non-inter-level travel time spent in this place.
 C = Inter-level travel time spent in this place.
 D = Time resting spent in this place.
 E = Time spent auto-exploring this place.
 F = Levels seen in this place.
 G = Mean time per level.
                   A        B        C        D        E       F      G
               +--------+--------+--------+--------+--------+-----+--------+
         Total |   4209 |   4130 |     79 |    568 |   3100 |   4 | 1052.2 |
       Dungeon |   4209 |   4130 |     79 |    568 |   3100 |   4 | 1052.2 |
               +--------+--------+--------+--------+--------+-----+--------+

Top non-repeatable levels by time:
     D:3: 1336 daAuts
     D:4: 1324 daAuts
     D:1: 959 daAuts
     D:2: 589 daAuts
